 Dungeon Crawl Stone Soup version 0.31-a0-232-gb1c03b2570 (webtiles) character file.

Game seed: 18119467994223828527

440 qw the Shooter (level 6, -6/53 HPs)
             Began as a Minotaur Hexslinger on July 7, 2023.
             Mangled by a two-headed ogre
             ... wielding a +0 giant club
              (12 damage)
             ... on level 5 of the Dungeon.
             The game lasted 00:01:09 (3671 turns).

qw the Shooter (Minotaur Hexslinger)                Turns: 3671, Time: 00:01:09

Health: -6/53      AC: 10    Str: 12    XL:     6   Next: 70%
Magic:  6/6        EV: 15    Int: 10    God:
Gold:   207        SH:  0    Dex: 15    Spells: 6/7 levels left

rFire   . . .        i - +4 sling (heavy)
rCold   . . .        (no shield)
rNeg    . . .        b - +0 ring mail
rPois   .            (helmet restricted)
rElec   .            h - +2 cloak
rCorr   .            (no gloves)
SInv    .            o - +2 pair of slick slippers {slick, slippery, EV+4}
Will    +....        (no amulet)
Stlth   +            d - ring of willpower
HPRegen 0.28/turn    (no ring)
MPRegen 0.10/turn

%: no passive effects
@: no status effects
A: horns 2, retaliatory headbutt
a: no special abilities


You were on level 5 of the Dungeon.
You visited 1 branch of the dungeon, and saw 5 of its levels.

You collected 207 gold pieces.


Innate Abilities, Weirdness & Mutations

You have a pair of horns on your head.
You reflexively headbutt those who attack you in melee.


   Skills:
 - Level 4.7 Fighting
 + Level 6.3 Ranged Weapons
 - Level 2.0 Armour
 - Level 2.1 Dodging
 - Level 1.0 Spellcasting
 - Level 2.0 Hexes


You had 6 spell levels left.
You knew the following spells:

 Your Spells              Type           Power      Damage    Failure   Level
a - Slow                  Hex            16%        N/A       32%         1

Your spell library contained the following spells:

 Spells                   Type           Power      Damage    Failure   Level
 Inner Flame              Hex/Fire       2%         N/A       83%         3
 Portal Projectile        Hex/Tloc       4%         N/A       83%         3
 Cause Fear               Hex            2%         N/A       97%         4

Inventory:

Hand Weapons
 i - a +4 heavy sling (weapon)
Armour
 b - a +0 ring mail (worn)
 h - a +2 cloak (worn)
 o - the +2 pair of slick slippers (worn) {slick, slippery, EV+4}
   (You acquired it on level 4 of the Dungeon)

   Slick:     Its wearer cannot be constricted, engulfed, netted or webbed.
   Slippery:  Its wearer slips away from damaging melee attacks, pulling the
   attacker onward.
   EV:        It affects your evasion (+4).
Jewellery
 d - a ring of willpower (left hand)
Scrolls
 a - 2 scrolls of brand weapon
 e - a scroll of identify
 j - 2 scrolls of teleportation
 p - a scroll of enchant armour
Potions
 c - 2 potions of curing
 f - a potion of might {unknown}
 g - a potion of resistance
 l - a potion of enlightenment
 m - a potion of brilliance {unknown}
 n - a potion of degeneration {unknown}

Dungeon Overview and Level Annotations

Branches:
Dungeon (5/15)
 Temple: D:4-7

Altars:
Ashenzari

Shops:
D:4 *


Message History

The black bear claws you but does no damage.
The black bear barely misses you.
The black bear claws you but does no damage. x2
You shoot a sling bullet. The sling bullet hits the black bear!
You kill the black bear!
Your Ranged Weapons skill increases to level 6!
You start resting.
HP restored.
You see here a black bear corpse.
You now have 207 gold pieces (gained 2).
You see here a +0 dagger.
Found a ring mail.
Enter note:
Found an escape hatch in the ceiling.
Enter note: The two-headed ogre shouts in stereo!
Enter note: You shoot a sling bullet.
The sling bullet hits the two-headed ogre!
The two-headed ogre is lightly wounded.
The two-headed ogre completely misses you. x2
You shoot a sling bullet.
The sling bullet hits the two-headed ogre!
The two-headed ogre is moderately wounded.
The two-headed ogre misses you. x2
You shoot a sling bullet.
The sling bullet hits the two-headed ogre!
The two-headed ogre is severely wounded.
The two-headed ogre hits you with a +0 giant club!
The two-headed ogre closely misses you.
You shoot a sling bullet.
The sling bullet hits the two-headed ogre.
The two-headed ogre is severely wounded.
The two-headed ogre hits you with a +0 giant club!
The two-headed ogre barely misses you.
You shoot a sling bullet.
The sling bullet hits the two-headed ogre.
The two-headed ogre is severely wounded.
The two-headed ogre hits you with a +0 giant club! x2
You die...

.. ... .... ###....
##......$ #.
#........ ##.
#........ ##..
####@....# ######...
#....O..###.....#....
#.####......>........
#.####...............
#.##....###. #......
#.##.#.<###. #.#....
#........... ##...
#####.##.##.# ##.#
#........##.## #..


You could see a two-headed ogre.

Vanquished Creatures
  Edmund (D:4)
  A black bear (D:5)
  A scorpion (D:4)
  Ijyb (D:3)
  5 adders
  An ufetubus (D:4)
  2 worms
  2 dart slugs
  15 orcs
  5 endoplasms
  2 giant cockroaches
  13 goblins
  2 hobgoblins
  7 jackals
  3 quokkas
  7 ball pythons
  6 bats
  3 frilled lizards
  6 kobolds
  9 rats
92 creatures vanquished.

Notes
Turn   | Place    | Note
-------+----------+-------------------------------------------
     0 | D:1      | qw the Minotaur Hexslinger began the quest for the Orb.
     0 | D:1      | Reached XP level 1. HP: 16/16 MP: 1/1
     0 | D:1      | 0 ||| qw: Version: 0.3-a-46-gb1f654a
     0 | D:1      | 0 ||| qw: Game counter: 2401
     0 | D:1      | 0 ||| qw: Melee chars always use a shield: true
     0 | D:1      | 0 ||| qw: God list: Okawaru
     0 | D:1      | 0 ||| qw: Allow faded altars: false
     0 | D:1      | 0 ||| qw: Do Orc after clearing Dungeon:15 true
     0 | D:1      | 0 ||| qw: Do second Lair branch before Depths: true
     0 | D:1      | 0 ||| qw: Lair rune preference: random
     0 | D:1      | 0 ||| qw: Goals: Normal
     0 | D:1      | 0 ||| PLANNING D:1-11
   118 | D:1      | Reached skill level 3 in Ranged Weapons
   121 | D:1      | Reached XP level 2. HP: 23/23 MP: 2/2
   147 | D:1      | Found a faded altar of an unknown god.
   359 | D:1      | 359 ||| UPGRADING to +0 leather armour.
   369 | D:1      | 369 ||| DROPPING +0 robe.
   378 | D:1      | 378 ||| FLEEEEING.
   379 | D:1      | 379 ||| FLEEEEING.
   505 | D:1      | 505 ||| UPGRADING to +0 cloak.
   569 | D:1      | Reached XP level 3. HP: 26/29 MP: 3/3
   966 | D:1      | 966 ||| UPGRADING to ring of willpower.
   967 | D:1      | 967 ||| READING 3 scrolls labelled ICIHOU TUNTO.
   968 | D:1      | 968 ||| READING 2 scrolls of enchant weapon.
   968 | D:1      | 968 ||| ENCHANTING +2 sling.
   969 | D:1      | 969 ||| READING scroll of enchant weapon.
   969 | D:1      | 969 ||| ENCHANTING +3 sling.
   970 | D:1      | 970 ||| READING 3 scrolls labelled FOTZUMM GIBAJO.
   974 | D:1      | 974 ||| DRINKING 2 fuming grey potions.
   975 | D:1      | 975 ||| DROPPING scroll of poison.
   976 | D:1      | 976 ||| DROPPING potion of magic.
  1104 | D:2      | Reached skill level 4 in Ranged Weapons
  1198 | D:2      | Reached XP level 4. HP: 36/36 MP: 4/4
  1391 | D:2      | 1391 ||| UPGRADING to +0 ring mail.
  1401 | D:2      | 1401 ||| DROPPING +0 leather armour.
  1402 | D:2      | 1402 ||| UPGRADING to +1 pair of boots.
  1407 | D:2      | 1407 ||| READING scroll labelled AKHLUI LOSOU.
  1408 | D:2      | 1408 ||| READING scroll labelled FOKKE TOJ RIES.
  1409 | D:2      | 1409 ||| READING scroll labelled AKUGGILUG.
  1410 | D:2      | 1410 ||| READING scroll labelled ULOOTI QOAT.
  1411 | D:2      | 1411 ||| DRINKING 2 murky green potions.
  1471 | D:3      | Noticed Ijyb
  1479 | D:3      | Killed Ijyb
  1483 | D:3      | 1483 ||| FLEEEEING.
  1484 | D:3      | 1484 ||| FLEEEEING.
  1489 | D:3      | 1489 ||| FLEEEEING.
  1676 | D:3      | Reached skill level 5 in Ranged Weapons
  1705 | D:3      | Reached XP level 5. HP: 42/42 MP: 5/5
  1767 | D:3      | Found a broken altar of Ashenzari.
  2062 | D:3      | 2062 ||| READING scroll labelled WAP APAINO.
  2063 | D:3      | 2063 ||| DRINKING 2 pink potions.
  2064 | D:3      | 2064 ||| DRINKING 2 bubbling emerald potions.
  2065 | D:3      | 2065 ||| READING 2 scrolls of identify.
  2065 | D:3      | 2065 ||| IDENTIFYING fizzy black potion
  2108 | D:4      | 2108 ||| READING scroll of enchant armour.
  2108 | D:4      | 2108 ||| ENCHANTING +1 pair of boots.
  2244 | D:4      | Noticed Edmund
  2254 | D:4      | Killed Edmund
  2347 | D:4      | Reached XP level 6. HP: 46/53 MP: 6/6
  2555 | D:4      | 2555 ||| READING 3 scrolls of enchant armour.
  2555 | D:4      | 2555 ||| ENCHANTING +0 cloak.
  2556 | D:4      | 2556 ||| READING 2 scrolls of enchant armour.
  2556 | D:4      | 2556 ||| ENCHANTING +1 cloak.
  2939 | D:4      | Found Xungon's Serpentskin Sales.
  2954 | D:4      | 2954 ||| SHOPLISTING ring of poison resistance (220 gold,
                  | have 205).
  3278 | D:4      | 3278 ||| READING scroll labelled EGIRUI TUPAYCO.
  3278 | D:4      | Identified a scroll of acquirement
  3278 | D:4      | 3278 ||| ACQUIRING +2 pair of slick slippers {slick,
                  | slippery, EV+4}
  3278 | D:4      | Acquired the +2 pair of slick slippers {slick, slippery,
                  | EV+4}
  3278 | D:4      | Found the +2 pair of slick slippers {slick, slippery, EV+4}
  3280 | D:4      | 3280 ||| UPGRADING to +2 pair of slick slippers {slick,
                  | slippery, EV+4}.
  3290 | D:4      | 3290 ||| DROPPING +2 pair of boots.
  3314 | D:5      | Entered Level 5 of the Dungeon
  3375 | D:5      | Noticed a two-headed ogre
  3380 | D:5      | HP: 13/53 [two-headed ogre/+0 giant club (28)]
  3381 | D:5      | 3381 ||| READING 3 scrolls of teleportation.
  3382 | D:5      | 3382 ||| DRINKING potion of heal wounds.
  3635 | D:5      | Reached skill level 6 in Ranged Weapons
  3671 | D:5      | HP: 6/53 [two-headed ogre/+0 giant club (14)]
  3671 | D:5      | Mangled by a two-headed ogre

Levels and vault maps discovered:
D:1:      zelgadis_glass_arrival_small, layout_loops_corners,
          nicolae_ecumenical_lake_church
D:2:      layout_rooms
D:3:      kennysheep_the_goblin_king, layout_basic,
          nicolae_ashenzari_panopticon, minivault_4
D:4:      layout_layer_cave, guppyfry_shop_venom, uniq_edmund
D:5:      layout_loops_cross, lemuel_crystal_altar,
          minmay_temple_entry_statues_pillars, serial_bayou_crossing,
          uniq_blork_the_orc

Skill      XL: |  1  2  3  4  5  6 |
---------------+-------------------+-----
Ranged Weapons | 3 4 5 6 |  6.3
Fighting       | 2 4 |  4.7
Armour         | 2 |  2.0
Dodging        | |  2.1
Spellcasting   | |  1.0
Hexes          | |  2.0

Action                     |  1- 3 |  4- 6 || total
---------------------------+-------+-------++-------
   Fire: Sling             |    87 |   113 ||   200
    Use: Scroll            |     4 |    11 ||    15
         Potion            |     1 |     4 ||     5
 Armour: Robe              |     3 |       ||     3
         Leather armour    |     3 |       ||     3
         Ring mail         |       |    23 ||    23
  Dodge: Dodged            |    21 |    51 ||    72

Table legend:
 A = Non-vault XP
 B = Vault XP
 C = Vault XP percentage of total XP
 D = Non-vault monster count
 E = Vault monster count
 F = Vault count percentage of total count
                 A         B        C        D         E       F
            +---------+---------+-------+---------+---------+-------
      Total |     407 |     222 |  35.3 |      82 |      10 |  10.9
            +---------+---------+-------+---------+---------+-------
        D:1 |      44 |       0 |   0.0 |      27 |       0 |   0.0
        D:2 |      64 |       0 |   0.0 |      17 |       0 |   0.0
        D:3 |      48 |      46 |  48.9 |      22 |       7 |  24.1
        D:4 |     125 |     176 |  58.5 |      14 |       3 |  17.6
        D:5 |     126 |       0 |   0.0 |       2 |       0 |   0.0
            +---------+---------+-------+---------+---------+-------
